AoeStats
← BARAKA wins!

MegaRandom

510799594Analyzed
4v4 RM · 17h ago on Oct 2, 2026· 41m 30s· 8 players
Game mode
Random Map
Map size
Large (8 player)
Population
200
Speed
Normal
Resources
Standard
Victory
Conquest
Starting age
Dark Age
Ending age
Imperial Age
RankedLock teamsTeams togetherTeam positionsShared explorationLock speedFull tech treeHidden civsTurbo modeCheats
Victory
Defeat
🇵🇱 Franks · Poland
1322
+15
🇵🇹 Khmer · Portugal
1278
+17
🇫🇷 Burmese · France
1273
+17
🇮🇱 Magyars · Israel
1220
+19
🇨🇳 Vietnamese · China
1320
-18
🇨🇳 Khmer · China
1308
-18
🇹🇼 Varangians · Taiwan
1301
-17
🇨🇳 Mongols · China
1242
-15
GoodFunHaveLuck
11:02 Feudal Age
15:26 Castle Age
15:03 Double-Bit Axe
20:07 Bow Saw
22:31 Wheelbarrow
25:15 Loom
29:25 Imperial Age
27:30 Husbandry
27:44 Forging
27:39 Scale Barding Armor
29:08 Iron Casting
30:24 Chain Barding Armor
29:30 Cavalier
31:34 Blast Furnace
31:59 Hand Cart
31:57 Paladin
33:55 Chivalry
34:15 Conscription
Mike
7:37 Loom
10:25 Feudal Age
10:53 Double-Bit Axe
10:50 Horse Collar
23:52 Castle Age
22:56 Scale Barding Armor
23:02 Bloodlines
22:57 Fletching
25:02 Bow Saw
24:51 Bodkin Arrow
26:49 Heavy Plow
27:08 Husbandry
27:25 Gold Mining
28:53 Padded Archer Armor
31:20 Thumb Ring
31:59 Leather Archer Armor
38:11 Gold Shaft Mining
37:26 Stone Mining
38:49 Wheelbarrow
39:20 Ballistics
40:47 Hand Cart
BARAKA wins!
10:11 Feudal Age
11:13 Double-Bit Axe
11:55 Loom
15:28 Double-Bit Axe
17:03 Scale Barding Armor
19:35 Bloodlines
21:35 Horse Collar
25:16 Castle Age
23:24 Gold Mining
23:50 Forging
26:26 Chain Barding Armor
26:44 Iron Casting
27:43 Husbandry
29:18 Light Cavalry
37:35 Wheelbarrow
39:54 Bow Saw
40:56 Heavy Plow
PILOT
6:24 Loom
8:46 Feudal Age
10:36 Fletching
22:48 Castle Age
23:46 Wheelbarrow
23:40 Horse Collar
28:52 Heavy Plow
35:02 Imperial Age
33:09 Hand Cart
32:54 Stone Mining
32:55 Gold Mining
33:11 Scale Barding Armor
34:15 Chain Barding Armor
33:54 Town Watch
34:45 Bloodlines
35:00 Husbandry
35:13 Forging
36:18 Plate Barding Armor
35:05 Elite Battle Elephant
38:34 Iron Casting
39:44 Gold Shaft Mining
40:32 Blast Furnace
39:34 Manipur Cavalry
40:38 Devotion
41:12 Bodkin Arrow
41:39 Ballistics
42:19 Chemistry
41:21 Howdah
41:42 Conscription
DeeperDeeper
6:19 Loom
9:17 Feudal Age
9:56 Double-Bit Axe
12:14 Horse Collar
15:07 Bloodlines
15:41 Forging
23:27 Castle Age
22:06 Fletching
22:09 Gold Mining
22:31 Padded Archer Armor
23:55 Town Watch
24:09 Bodkin Arrow
25:04 Wheelbarrow
24:41 Bow Saw
27:25 Leather Archer Armor
28:09 Husbandry
30:35 Leather Archer Armor
31:01 Ballistics
32:47 Fervor
35:01 Hand Cart
38:14 Imperial Age
36:13 Stone Mining
36:25 Heavy Plow
37:37 Pikeman
38:17 Squires
38:03 Arson
38:08 Gambesons
38:43 Careening
38:23 Guard Tower
39:21 Man-at-Arms
40:38 Iron Casting
40:03 Scale Mail Armor
40:37 Elite Varangian Guard
641627092
6:30 Loom
9:00 Feudal Age
9:57 Double-Bit Axe
11:46 Gold Mining
17:19 Fletching
19:30 Padded Archer Armor
28:14 Castle Age
25:58 Horse Collar
29:03 Bodkin Arrow
29:23 Leather Archer Armor
29:18 Thumb Ring
28:39 Crossbowman
30:24 Stone Mining
31:37 Ballistics
33:12 Bow Saw
34:20 Thumb Ring
38:10 Stone Shaft Mining
41:57 Imperial Age
我不是肥龙
11:51 Feudal Age
15:29 Castle Age
13:52 Double-Bit Axe
22:54 Loom
23:14 Gold Mining
25:35 Bow Saw
26:06 Wheelbarrow
29:14 Imperial Age
26:54 Stone Mining
27:41 Bloodlines
27:32 Husbandry
27:49 Scale Barding Armor
27:59 Forging
30:10 Cavalier
34:52 Iron Casting
34:38 Chain Barding Armor
34:41 Elite Ballista Elephant
36:26 Conscription
41:10 Blast Furnace
40:46 Plate Barding Armor
459397317
7:03 Loom
9:33 Feudal Age
10:05 Double-Bit Axe
12:49 Forging
16:53 Scale Barding Armor
19:47 Bloodlines
25:15 Castle Age
24:14 Horse Collar
27:13 Iron Casting
27:57 Chain Barding Armor
30:46 Heavy Plow
32:22 Husbandry
36:14 Wheelbarrow
41:45 Imperial Age
39:31 Hand Cart
Connection lost

Rejoining the realm…

Still unreachable

The connection could not be restored.

Session expired

The server has moved on; the page needs a fresh start.